AoeStats
← Tunga

Arabia

505297742Analyzed
1v1 RM · 25d ago on Sep 8, 2026· 25m 6s· 2 players
Game mode
Random Map
Map size
Tiny (2 player)
Population
200
Speed
Normal
Resources
Standard
Victory
Conquest
Starting age
Dark Age
Ending age
Imperial Age
RankedLock teamsTeams togetherTeam positionsShared explorationLock speedFull tech treeHidden civsTurbo modeCheats
Victory
Defeat
🇹🇷 Turks · Türkiye
744
+15
🇨🇴 Britons · Colombia
724
-29
Rafther0112
3:20 Loom
12:39 Feudal Age
15:30 Double-Bit Axe
15:57 Arson
Tunga
2:54 Loom
17:00 Feudal Age
17:02 Man-at-Arms
21:45 Wheelbarrow
26:19 Castle Age
25:22 Bloodlines
Connection lost

Rejoining the realm…

Still unreachable

The connection could not be restored.

Session expired

The server has moved on; the page needs a fresh start.